 Dungeon Crawl Stone Soup version 0.24-a0-441-g27f0392e16 (webtiles) character file.

Game seed: 9630983466186754375

841 emperorscorpion the Chopper (level 7, -7/66 HPs)
             Began as a Deep Dwarf Berserker on June 20, 2019.
             Was a Believer of Trog.
             Mangled by an orc warrior
             ... wielding a +0 halberd
              (9 damage)
             ... while paralysed
             ... on level 8 of the Dungeon.
             The game lasted 00:09:31 (1022 turns).

emperorscorpion the Chopper (Deep Dwarf Berserker)  Turns: 1022, Time: 00:09:31

Health: -7/66      AC: 10    Str: 23    XL:     7   Next: 67%
Magic:  7/7        EV:  2    Int:  7    God:    Trog [**....]
Gold:   78         SH:  0    Dex: 12    Spells: 6/6 levels left

rFire    . . .     SeeInvis .   a - +2 executioner's axe (freeze)
rCold    . . .     Gourm    .   (shield currently unavailable)
rNeg     . . .     Faith    .   j - +0 chain mail
rPois    .         Spirit   .   q - +0 helmet (curse)
rElec    .         Reflect  .   (no cloak)
rCorr    .         Harm     .   (no gloves)
MR       +....                  (no boots)
Stlth    ..........             (no amulet)
HPRegen  0.00/turn              (no ring)
MPRegen  0.10/turn              (no ring)

@: paralysed, berserk cooldown, non-regenerating, slowed, lightly drained
A: damage resistance, heal wounds, sense surroundings 1, no regeneration
a: Heal Wounds, Berserk, Trog's Hand, Renounce Religion


You were on level 8 of the Dungeon.
You worshipped Trog.
Trog was pleased with you.
You were very hungry.

You visited 1 branch of the dungeon, and saw 8 of its levels.

You collected 78 gold pieces.

Inventory:

Hand Weapons
 a - a +2 executioner's axe of freezing (weapon)
 b - a +1 war axe of chopping
 d - a +0 battleaxe
 n - a +0 hand axe
Armour
 f - a +0 scale mail
 j - a +0 chain mail (worn)
 o - a +0 animal skin
 q - a cursed +0 helmet (worn)
Jewellery
 l - an uncursed amulet of harm
Wands
 g - a wand of digging (5)
 r - a wand of polymorph (5)
Scrolls
 e - 3 scrolls of blinking
 h - 2 scrolls of teleportation
 p - 2 scrolls of identify
Potions
 i - a potion of flight {unknown}
 k - 2 potions of heal wounds
 m - 2 potions of curing {unknown}
Comestibles
 c - 9 rations


   Skills:
 + Level 4.4(4.0) Fighting
 * Level 7.4(7.0) Axes
 + Level 4.5(4.1) Armour
 + Level 3.9(3.5) Dodging
 - Level 0.3(0.0) Stealth
 - Level 0.1(0.0) Unarmed Combat


You had 6 spell levels left.
You didn't know any spells.
Your spell library contained the following spells:

 Spells                   Type           Power        Failure   Level  Hunger
 Animate Skeleton         Necr           N/A          98%         1    ##.....
 Pain                     Necr           #...         98%         1    ##.....
 Vampiric Draining        Necr           #.........   100%        3    ####...
 Animate Dead             Necr           N/A          100%        4    #####..
 Regeneration             Chrm/Necr      Unusable     N/A         3    N/A

Dungeon Overview and Level Annotations

Branches:
Dungeon (8/15)             Temple (0/1) D:5
   Lair: D:8-11

Altars:


Innate Abilities, Weirdness & Mutations

You are resistant to damage.
You can heal yourself by infusing magical energy.
You passively map a small area around you.
You do not regenerate.


Message History

Trog accepts your kill.
You barely miss the wight. You slash the wight!
You destroy the wight!
Trog accepts your kill.
You hear a shout! x3
The wight hits you from afar with a +0 halberd.
You feel drained. The orc warrior barely misses you.
An orc comes into view. It is wielding a +0 whip.
Unknown command.
The wight hits you but does no damage.
You feel a strong urge to attack something.
You are no longer berserk.
You pass out from exhaustion.
You feel yourself slow down.
Found an arbalest.
The wight hits you but does no damage.
The wight hits you with a +1 morningstar.
* * * LOW HITPOINT WARNING * * *
The orc hits you but does no damage.
The orc warrior hits you from afar with a +0 halberd!
You die...

#####.####....# ,,
, ,
......o.......#
.............)#
,,,
........o.....# ,
..............###
,.......)O.......[
,*
......)zzo.......
,
.......†Yo.......
...)....z@.......*
.................
.................*
*
..............#..
.............#.#.
,............#. .#
*, * *
..........#... .
.).......#.≈≈≈ * *
, , , *


You could see an orc warrior, an ice beast, an ogre, 3 wights and 3 orcs.

Vanquished Creatures
  Eustachio (D:5)
  An ice beast (D:5)
  An ogre (D:2)
  Blork the orc (D:4)
  A bullfrog (D:8)
  2 wights (D:8)
  A centaur skeleton (D:5)
  A jelly (D:5)
  A bullfrog skeleton (D:5)
  An orc wizard (D:3)
  3 worker ants
  7 gnolls
  An adder (D:2)
  2 oozes
  3 worms
  3 dart slugs
  A leopard gecko (D:3)
  5 orcs
  3 bats
  A giant cockroach (D:5)
  2 goblins
  3 hobgoblins
  A quokka (D:4)
  4 frilled lizards
  4 kobolds (D:3)
  A leopard gecko skeleton (D:8)
  3 rats
58 creatures vanquished.

Notes
Turn   | Place    | Note
-------+----------+-------------------------------------------
     0 | D:1      | emperorscorpion the Deep Dwarf Berserker began the quest
                  | for the Orb.
     0 | D:1      | Reached XP level 1. HP: 20/20 MP: 1/1
    41 | D:2      | Noticed an ogre
    49 | D:2      | Killed an ogre
    49 | D:2      | Reached skill level 4 in Axes
    49 | D:2      | Reached XP level 2. HP: 28/28 MP: 2/2
    49 | D:2      | Reached XP level 3. HP: 34/34 MP: 3/3
    49 | D:2      | Reached XP level 4. HP: 42/42 MP: 4/4
   332 | D:3      | Reached ** piety under Trog
   332 | D:3      | Reached XP level 5. HP: 33/50 MP: 5/5
   480 | D:3      | Reached skill level 5 in Axes
   536 | D:4      | Noticed Blork the orc
   546 | D:4      | Killed Blork the orc
   546 | D:4      | Reached XP level 6. HP: 57/57 MP: 6/6
   652 | D:5      | Entered Level 5 of the Dungeon
   687 | D:5      | Noticed an ice beast
   695 | D:5      | Killed an ice beast
   717 | D:5      | Reached skill level 6 in Axes
   850 | D:5      | Noticed Eustachio
   861 | D:5      | Killed Eustachio
   861 | D:5      | Reached XP level 7. HP: 56/66 MP: 7/7
   953 | D:7      | Identified a scroll of acquirement
  1012 | D:8      | Reached skill level 7 in Axes
  1021 | D:8      | HP: 2/66 [wight/+1 morningstar (2)]
  1022 | D:8      | Mangled by an orc warrior

Levels and vault maps discovered:
D:1:      dpeg_arrival_arbitrary_a, layout_rooms, chequers_serial_rivers_room_b,
          minmay_quantized
D:2:      layout_basic, kennysheep_crisscross,
          nicolae_gozag_cash_rules_everything_around_me
D:3:      layout_basic
D:4:      layout_basic, marbit_many_paths, uniq_blork_the_orc
D:5:      minmay_diamond_boxcup, layout_basic, minmay_temple_entry_hall,
          first_ration, uniq_eustachio
D:6:      layout_layer_cave, lemuel_crystal_altar, uniq_crazy_yiuf_cottage
D:7:      layout_cave_pools, kennysheep_generic_room_15
D:8:      layout_basic, nicolae_ru_awakened_eye, lair_entry_dummy, special_room
          [special_room_orc], serial_shops, shop, uniq_joseph

Skill      XL: |  1  2  3  4  5  6  7 |
---------------+----------------------+-----
Fighting       | 3 4 |  4.4
Axes           | 4 5 6 7 |  7.4
Dodging        | 3 |  3.9
Armour         | 3 4 |  4.5
Stealth        | |  0.3
Unarmed Combat | |  0.1

Action                   |  1- 3 |  4- 6 |  7- 9 || total
-------------------------+-------+-------+-------++-------
Melee: Hand axe          |     7 |    77 |       ||    84
       Battleaxe         |       |    30 |       ||    30
       Unarmed           |       |     4 |       ||     4
       Executioner's axe |       |       |    15 ||    15
Invok: Berserk           |     1 |     7 |     1 ||     9
Evoke: Wand              |       |       |     1 ||     1
  Use: Scroll            |       |     8 |     1 ||     9
       Potion            |       |     2 |       ||     2
 Stab: Confused          |       |     1 |       ||     1
  Eat: Chunk             |       |     6 |     2 ||     8
Armor: Animal skin       |     3 |       |       ||     3
       Scale mail        |       |    70 |     1 ||    71
       Chain mail        |       |       |     8 ||     8
Dodge: Dodged            |    10 |   105 |    24 ||   139

Table legend:
 A = Non-vault XP
 B = Vault XP
 C = Vault XP percentage of total XP
 D = Non-vault monster count
 E = Vault monster count
 F = Vault count percentage of total count
                 A         B        C        D         E       F
            +---------+---------+-------+---------+---------+-------
      Total |     914 |     288 |  24.0 |      54 |       4 |   6.9
            +---------+---------+-------+---------+---------+-------
        D:1 |       4 |       0 |   0.0 |       1 |       0 |   0.0
        D:2 |     164 |       0 |   0.0 |      14 |       0 |   0.0
        D:3 |      77 |       0 |   0.0 |      17 |       0 |   0.0
        D:4 |      95 |     100 |  51.3 |       7 |       1 |  12.5
        D:5 |     291 |     182 |  38.5 |       7 |       1 |  12.5
        D:7 |      74 |       0 |   0.0 |       4 |       0 |   0.0
        D:8 |     209 |       6 |   2.8 |       4 |       2 |  33.3
            +---------+---------+-------+---------+---------+-------
